 Dungeon Crawl Stone Soup version 0.20.1-1-g8b1a95d (webtiles) character file.

37 Gargoyl the Skirmisher (level 3, -3/33 HPs)
             Began as a Minotaur Abyssal Knight on Oct 5, 2017.
             Was a Follower of Lugonu.
             Killed from afar by Sigmund (7 damage)
             ... with a magic dart
             ... on level 2 of the Dungeon.
             The game lasted 00:02:33 (871 turns).

Gargoyl the Skirmisher (Minotaur Abyssal Knight)     Turns: 871, Time: 00:02:33

Health: -3/33      AC:  5    Str: 21    XL:     3   Next: 21%
Magic:  3/3        EV: 11    Int:  9    God:    Lugonu [*.....]
Gold:   47         SH:  0    Dex: 10    Spells: 2/2 levels left

rFire    . . .     SeeInvis .   d - +1 falchion (elec)
rCold    . . .     Gourm    .   (no shield)
rNeg     . . .     Faith    .   e - +0 ring mail
rPois    .         Spirit   .   (helmet restricted)
rElec    .         Reflect  .   (no cloak)
rCorr    .         Harm     .   (no gloves)
MR       .....                  (no boots)
Stlth    ..........             (no amulet)
Regen    0.2/turn               (no ring)
MPRegen  0.1/turn               (no ring)

@: mighty
A: retaliatory headbutt, horns 2
a: Depart the Abyss, Renounce Religion


You were on level 2 of the Dungeon.
You worshipped Lugonu.
Lugonu was aware of your devotion.
You were not hungry.

You visited 1 branch of the dungeon, and saw 2 of its levels.
You visited the Abyss 1 time.

You collected 47 gold pieces.

Inventory:

Hand Weapons
 a - a +1 hand axe
 d - a +1 falchion of electrocution (weapon)
Armour
 e - a +0 ring mail (worn)
Scrolls
 h - a scroll of identify
Comestibles
 b - a fruit
 c - 4 bread rations
 f - 2 chunks of flesh
 g - 2 meat rations


   Skills:
 + Level 4.2 Fighting
 + Level 0.8 Long Blades
 + Level 2.5 Axes
 * Level 3.2 Armour
 + Level 1.1 Dodging
 * Level 2.3 Invocations


You had 2 spell levels left.
You didn't know any spells.

Dungeon Overview and Level Annotations

Branches:
Dungeon (2/15)

Altars:

Annotations:
D:2 Sigmund


Innate Abilities, Weirdness & Mutations

You reflexively headbutt those who attack you in melee.
You have a pair of horns on your head.


Message History

Sigmund closely misses you.
It was a potion of cancellation.
Your magical effects are unravelling.
You feel magically purged.
You feel less confused.
You hit Sigmund.
Sigmund is lightly wounded.
Sigmund hits you with a scythe!
* * * LOW HITPOINT WARNING * * *
The leopard gecko hisses menacingly.
It was a potion of might.
You feel very mighty all of a sudden.
Sigmund casts a spell.
Sigmund flickers and vanishes!
Deactivating autopickup; reactivate with Ctrl-A.
You closely miss something. You headbutt something.
You hear some strange, mumbled words.
A magic dart appears from out of thin air!
The magic dart hits you!
You die...

#. ###....#..# #l
###..##.## #.
#..###..## #. #.##
##..# #. #.# #.##
##.###### ##.# #.#
#.......# #..# #.#
#..l{...# #.## #.##
#...@...###.# #.##
#...........# ###.##
##.######.#.##
#...#. #.
#.#..###.###. #.##
#.##.......#. #...##
..######.#... ......
.#######.###.
###...#.......†<....
###...#########.###.


You could see a leopard gecko.

Vanquished Creatures
  An ooze (D:2)
  A leopard gecko (D:1)
  3 bats
  2 giant cockroaches
  2 goblins
  4 hobgoblins (D:1)
  3 jackals (D:2)
  6 kobolds
  A quokka (D:2)
  3 frilled lizards
  3 rats (D:1)
29 creatures vanquished.

Notes
Turn   | Place    | Note
-------+----------+-------------------------------------------
     0 | Abyss:1  | Gargoyl the Minotaur Abyssal Knight began the quest for the Orb.
     0 | Abyss:1  | Reached XP level 1. HP: 19/19 MP: 1/1
    22 | Abyss:2  | Noticed a manticore zombie
    48 | Abyss:2  | Noticed a glowing orange brain
    64 | Abyss:2  | Noticed a shadow demon
    64 | Abyss:2  | Noticed a large abomination
    64 | Abyss:2  | Noticed a death drake
    64 | D:1      | Escaped the Abyss
   134 | D:1      | Reached * piety under Lugonu
   272 | D:1      | Reached skill level 4 in Fighting
   272 | D:1      | Reached XP level 2. HP: 24/27 MP: 2/2
   713 | D:2      | Reached XP level 3. HP: 31/33 MP: 3/3
   856 | D:2      | Noticed Sigmund
   871 | D:2      | Killed from afar by Sigmund

Skill      XL: |  1  2 |
---------------+-------+-----
Fighting       | 4 |  4.2
Invocations    | 2 |  2.3
Armour         | 3 |  3.2
Long Blades    | |  0.8
Axes           | |  2.5
Dodging        | |  1.1

Action                   || total
-------------------------++-------
Melee: Falchion          ||    59
       Headbutt          ||     7
Invok: Depart the Abyss  ||     1
  Use: Scroll            ||     5
       Potion            ||     2
Armor: Ring mail         ||    23
Dodge: Dodged            ||    43
       Rpst.: Falchion   ||    12
